 Dungeon Crawl Stone Soup version 0.26-a0-1181-gd376ed14c5 (webtiles) character file.

Game seed: 17368626123265078884

4 wythoutpain the Protected (level 1, -1/13 HPs)
             Began as a Gnoll Wanderer on Dec 26, 2020.
             Slain by a jackal (2 damage)
             ... on level 1 of the Dungeon.
             The game lasted 00:01:20 (61 turns).

wythoutpain the Protected (Gnoll Wanderer)            Turns: 61, Time: 00:01:21

Health: -1/13      AC:  2    Str: 13    XL:     1   Next: 60%
Magic:  1/1        EV: 11    Int: 12    God:
Gold:   0          SH:  0    Dex: 17    Spells: 0/0 levels left

rFire    . . .     SeeInvis .   c - +0 falchion
rCold    . . .     Faith    .   (no shield)
rNeg     . . .     Spirit   .   e - +0 robe
rPois    .         Reflect  .   (no helmet)
rElec    .         Harm     .   (no cloak)
rCorr    .         Rampage  .   (no gloves)
Will     .....                  (no boots)
Stlth    ++........             (no amulet)
HPRegen  0.04/turn              (no ring)
MPRegen  0.07/turn              (no ring)

@: no status effects
A: distributed training, fangs 1, strong nose
a: no special abilities


You were on level 1 of the Dungeon.
You visited 1 branch of the dungeon, and saw 1 of its levels.

Inventory:

Hand Weapons
 a - a +2 dagger
 c - a +0 falchion (weapon)
Missiles
 b - a curare-tipped dart (quivered)
Armour
 e - a +0 robe (worn)
 h - a +0 ring mail
Scrolls
 i - a scroll of fear {unknown}
Potions
 d - a potion of curing
 f - a potion of lignification {unknown}
 g - a potion of might {unknown}


   Skills:
 + Level 0.1 Fighting
 + Level 0.1 Short Blades
 + Level 4.4 Long Blades
 + Level 0.1 Axes
 + Level 2.4 Maces & Flails
 + Level 0.1 Polearms
 + Level 0.1 Staves
 + Level 0.1 Slings
 + Level 0.1 Bows
 + Level 0.1 Crossbows
 + Level 4.4 Throwing
 + Level 8.4 Armour
 + Level 0.1 Dodging
 + Level 2.2 Stealth
 + Level 0.1 Shields
 + Level 0.1 Unarmed Combat
 + Level 0.1 Spellcasting
 + Level 0.1 Conjurations
 + Level 0.1 Hexes
 + Level 0.1 Summonings
 + Level 0.1 Necromancy
 + Level 0.1 Translocations
 + Level 0.1 Transmutations
 + Level 0.1 Fire Magic
 + Level 0.1 Ice Magic
 + Level 0.1 Air Magic
 + Level 0.1 Earth Magic
 + Level 0.1 Poison Magic
 + Level 0.2 Invocations
 + Level 0.1 Evocations


You couldn't memorise any spells.
You didn't know any spells.
Your spell library was empty.

Dungeon Overview and Level Annotations

Branches:
Dungeon (1/15)

Altars:


Innate Abilities, Weirdness & Mutations

Your experience applies equally to all skills.
You have very sharp teeth.
Your uncanny sense of smell can sniff out nearby items.


Message History

You hit the giant cockroach but do no damage.
The giant cockroach barely misses you. The frilled lizard closely misses you.
You riposte.
You slash the frilled lizard!
You kill the frilled lizard!
The kobold hits you with a +0 short sword.
The giant cockroach closely misses you.
You closely miss the giant cockroach.
You bite the giant cockroach, but do no damage.
The giant cockroach bites you.
The kobold hits you with a +0 short sword.
You are too injured to fight recklessly!
The jackal bites you.
* * * LOW HITPOINT WARNING * * *
The giant cockroach waves its antennae.
The giant cockroach closely misses you.
You riposte.
You hit the giant cockroach.
You kill the giant cockroach!
The jackal barely misses you. The jackal bites you.
You die...

##### #...#
#################...######
..................(....... .
.................(.########..
####...###########...........
####...###########h†........#
..##.⌠..........@h.K.........
..##.............K..........#
..##..#########.......#......
..'...#########.......#......
..##..##.....######..## .....
..##...'..<..# #..# .....
..##..##.....# #..# ##+#
####..######## .... #..#


You could see 2 jackals and 2 kobolds.

Vanquished Creatures
  A giant cockroach (D:1)
  A jackal (D:1)
  A frilled lizard (D:1)
  A rat (D:1)
4 creatures vanquished.

Notes
Turn   | Place    | Note
-------+----------+-------------------------------------------
     0 | D:1      | wythoutpain the Gnoll Wanderer began the quest for the Orb.
     0 | D:1      | wythoutpain set off with the following items: a +2 dagger,
                  | a curare-tipped dart, a +0 falchion, a potion of curing, a
                  | +0 robe
     0 | D:1      | Reached XP level 1. HP: 13/13 MP: 1/1
    61 | D:1      | Slain by a jackal

Illustrated notes

Levels and vault maps discovered:
D:1:      dpeg_arrival_rooms_a, layout_basic, minmay_misc_feat_room,
          minmay_misc_feat_more_columns

Action                   || total
-------------------------++-------
Melee: Falchion          ||     8
       Bite              ||     2
Armor: Robe              ||     4
Dodge: Dodged            ||    14
       Rpst.: Falchion   ||     6

Table legend: (Time is in decaauts)
 A = Elapsed time spent in this place.
 B = Non-inter-level travel time spent in this place.
 C = Inter-level travel time spent in this place.
 D = Time resting spent in this place.
 E = Time spent auto-exploring this place.
 F = Levels seen in this place.
 G = Mean time per level.
                   A        B        C        D        E       F      G
               +--------+--------+--------+--------+--------+-----+--------+
         Total |     61 |     58 |      3 |      0 |     32 |   1 |   61.0 |
       Dungeon |     61 |     58 |      3 |      0 |     32 |   1 |   61.0 |
               +--------+--------+--------+--------+--------+-----+--------+

Top non-repeatable levels by time:
     D:1: 61 daAuts
